 Dungeon Crawl Stone Soup version 0.24-a0-201-gf205589 (console) character file.

Game seed: 14869917402068218316

30 bli the Skirmisher (level 3, -2/29 HPs)
             Began as a Formicid Abyssal Knight on Mar 23, 2019.
             Was a Follower of Lugonu.
             Slain by an adder (4 damage)
             ... on level 2 of the Dungeon.
             The game lasted 00:04:59 (1117 turns).

bli the Skirmisher (Formicid Abyssal Knight)        Turns: 1117, Time: 00:04:59

Health: -2/29      AC:  4    Str: 16    XL:     3   Next: 37%
Magic:  4/4        EV: 12    Int: 11    God:    Lugonu [*.....]
Gold:   84         SH:  0    Dex: 11    Spells: 2/2 levels left

rFire    . . .     SeeInvis +   a - +1 falchion
rCold    . . .     Gourm    .   (no shield)
rNeg     . . .     Faith    .   l - +0 leather armour
rPois    .         Spirit   .   (helmet unavailable)
rElec    .         Reflect  .   (no cloak)
rCorr    .         Harm     .   t - +0 pair of gloves (curse)
MR       .....                  (no boots)
Stlth    +.........             n - amulet of regeneration
HPRegen  0.49/turn              (no ring)
MPRegen  0.09/turn              (no ring)

@: lethally poisoned (-2 -> -3)
A: permanent stasis, dig shafts and tunnels, four strong arms, antennae 3
a: Dig, Shaft Self, Depart the Abyss, Renounce Religion


You were on level 2 of the Dungeon.
You worshipped Lugonu.
Lugonu was aware of your devotion.
You were not hungry.

You visited 1 branch of the dungeon, and saw 2 of its levels.
You visited the Abyss 1 time.

You collected 84 gold pieces.

Inventory:

Hand Weapons
 a - a +1 falchion (weapon)
 b - a +2 hunting sling of freezing
Missiles
 h - 25 sling bullets
 o - 21 poisoned needles
 q - 56 stones (quivered)
Armour
 e - a +0 ring mail of fire resistance
 l - a +0 leather armour (worn)
 t - a cursed +0 pair of gloves (worn)
Jewellery
 n - an amulet of regeneration (around neck)
Scrolls
 g - a scroll of magic mapping {unknown}
 k - a scroll of fear {unknown}
 m - 5 scrolls of remove curse {unknown}
 p - a scroll of amnesia {unknown}
 r - a scroll of teleportation {unknown}
Potions
 d - a potion of ambrosia {unknown}
 f - a potion of lignification {unknown}
 i - 3 potions of curing {unknown}
 j - a potion of flight {unknown}
Comestibles
 c - 2 rations
 s - 3 chunks of flesh


   Skills:
 - Level 3.2 Fighting
 + Level 2.7 Long Blades
 + Level 2.3 Armour
 * Level 2.0 Dodging
 - Level 2.1 Invocations


You had 2 spell levels left.
You didn't know any spells.
Your spell library was empty.

Dungeon Overview and Level Annotations

Branches:
Dungeon (2/15)

Altars:
Okawaru

Annotations:
D:2 Sigmund


Innate Abilities, Weirdness & Mutations

You cannot be hasted, slowed, berserked, paralysed or teleported.
You can dig through walls and to a lower floor.
Your four strong arms can wield two-handed weapons with a shield.
You have a pair of large antennae on your head. (SInv)


Message History

The adder is severely wounded.
You feel sick. The adder bites you but does no damage.
The adder closely misses you.
You closely miss the adder.
The adder is severely wounded.
You feel sick. The adder closely misses you. The adder bites you.
* * * LOW HITPOINT WARNING * * *
You barely miss the adder.
The adder is severely wounded.
You feel sick. The adder bites you but does no damage.
You feel sick. The adder bites you but does no damage.
You feel sick. The adder bites you but does no damage.
You closely miss the adder.
The adder is heavily wounded.
You feel sick. The adder bites you.
* * * LOW HITPOINT WARNING * * *
You are more poisoned.
The adder poisons you! The adder bites you.
You die...

#.....#
######.....
#.....#
#.......### #'##
#.......# #..#
#.# #.......#
##.## #.#
#.......# #..#
#.# #.......#
##.# #.#
#.......# #.#
#.# #.......#
#g###.#
######'##
#.S##.########.#
##@##..........#
#.##รท##########
#.##.# #..#.#
##.#.# #.#.#
#...# ##..# #..#
#.># ####


You could see an adder and a goblin.

Vanquished Creatures
  An ufetubus (Abyss:1)
  An ooze (D:1)
  2 leopard geckos (D:1)
  A giant cockroach (D:2)
  A goblin (D:1)
  A hobgoblin (D:2)
  A jackal (D:2)
  A ball python (D:2)
  A bat (D:2)
  3 frilled lizards
  4 kobolds
  4 rats
21 creatures vanquished.

Notes
Turn   | Place    | Note
-------+----------+-------------------------------------------
     0 | Abyss:1  | bli the Formicid Abyssal Knight began the quest for the
                  | Orb.
     0 | Abyss:1  | Reached XP level 1. HP: 18/18 MP: 2/2
    84 | Abyss:1  | Reached skill level 1 in Dodging
   121 | Abyss:1  | Noticed a chaos spawn
   136 | Abyss:2  | Found a corrupted altar of Lugonu.
   180 | Abyss:2  | Noticed a sixfirhy
   183 | D:1      | Escaped the Abyss
   193 | D:1      | Reached XP level 2. HP: 24/24 MP: 1/3
   245 | D:1      | Found an iron altar of Okawaru.
   305 | D:1      | Reached * piety under Lugonu
   514 | D:1      | Reached XP level 3. HP: 28/29 MP: 4/4
   840 | D:2      | Noticed Sigmund
  1117 | D:2      | Slain by an adder

Levels and vault maps discovered:
D:1:      dpeg_arrival_pond, layout_basic, okawaru_ov_weapons_minmay
D:2:      layout_basic, chequers_ecumenical_altar_simple_redux, uniq_sigmund,
          uniq_natasha
Abyss:1
Abyss:2:  hangedman_abyss_or_decor_lesser_grid

Skill      XL: |  1  2  3 |
---------------+----------+-----
Dodging        | 1 2 |  2.0
Fighting       | |  3.2
Long Blades    | |  2.7
Armour         | |  2.3
Invocations    | |  2.1

Action                   || total
-------------------------++-------
Melee: Falchion          ||    60
Invok: Depart the Abyss  ||     1
 Abil: Dig               ||     1
  Eat: Chunk             ||     1
Armor: Leather armour    ||    20
Dodge: Dodged            ||    43
       Rpst.: Falchion   ||    12

Table legend:
 A = Non-vault XP
 B = Vault XP
 C = Vault XP percentage of total XP
 D = Non-vault monster count
 E = Vault monster count
 F = Vault count percentage of total count
                 A         B        C        D         E       F
            +---------+---------+-------+---------+---------+-------
      Total |      40 |       4 |   9.1 |      19 |       2 |   9.5
            +---------+---------+-------+---------+---------+-------
        D:1 |      19 |       4 |  17.4 |       9 |       2 |  18.2
        D:2 |      13 |       0 |   0.0 |       9 |       0 |   0.0
    Abyss:1 |       8 |       0 |   0.0 |       1 |       0 |   0.0
            +---------+---------+-------+---------+---------+-------
